 Dungeon Crawl Stone Soup version 0.25-a0-561-g0977b4d109 (webtiles) character file.

Game seed: 8212416920898059008, levelgen mode: deterministic

20 Irikuri the Slasher (level 2, -1/25 HPs)
             Began as a Minotaur Gladiator on Feb 25, 2020.
             Slain by a gnoll
             ... wielding a +0 halberd
              (11 damage)
             ... on level 1 of the Dungeon.
             The game lasted 00:05:04 (365 turns).

Irikuri the Slasher (Minotaur Gladiator)             Turns: 365, Time: 00:05:05

Health: -1/25      AC:  8    Str: 18    XL:     2   Next: 58%
Magic:  1/1        EV:  8    Int:  5    God:
Gold:   30         SH:  0    Dex: 11    Spells: 1/1 levels left

rFire    . . .     SeeInvis .   a - +0 long sword
rCold    . . .     Gourm    .   (no shield)
rNeg     . . .     Faith    .   e - +0 chain mail
rPois    .         Spirit   .   c - +0 hat
rElec    .         Reflect  .   (no cloak)
rCorr    .         Harm     .   (no gloves)
MR       .....                  (no boots)
Stlth    ..........             (no amulet)
HPRegen  0.08/turn              (no ring)
MPRegen  0.07/turn              (no ring)

@: no status effects
A: retaliatory headbutt, horns 2
a: no special abilities


You were on level 1 of the Dungeon.
You were not hungry.

You visited 1 branch of the dungeon, and saw 1 of its levels.

You collected 30 gold pieces.

Inventory:

Hand Weapons
 a - a +0 long sword (weapon)
Missiles
 d - 3 throwing nets (quivered)
 h - 32 stones
Armour
 b - a +0 leather armour
 c - a +0 hat (worn)
 e - a +0 chain mail (worn)
Scrolls
 k - a scroll of random uselessness {unknown}
Comestibles
 f - 4 rations
 g - 6 chunks of flesh


   Skills:
 + Level 2.7 Fighting
 + Level 4.1 Long Blades
 + Level 2.1 Throwing
 + Level 3.6 Dodging


You had one spell level left.
You didn't know any spells.
Your spell library was empty.

Dungeon Overview and Level Annotations

Branches:
Dungeon (1/15)

Altars:


Innate Abilities, Weirdness & Mutations

You reflexively headbutt those who attack you in melee.
You have a pair of horns on your head.


Message History

The frilled lizard barely misses you.
You riposte.
You hit the frilled lizard.
The frilled lizard is heavily wounded.
You closely miss the frilled lizard.
The frilled lizard is heavily wounded.
The gnoll hits you from afar with a +0 halberd.
The frilled lizard barely misses you. You furiously retaliate!
You headbutt the frilled lizard!
You kill the frilled lizard!
The gnoll hits you with a +0 halberd.
Some of the chunks of flesh in your inventory have rotted away.
Found a scroll of remove curse.
You see here a frilled lizard corpse.
You hit the gnoll but do no damage. The gnoll hits you with a +0 halberd.
You hit the gnoll. Your headbutt misses the gnoll.
The gnoll is heavily wounded.
The gnoll hits you with a +0 halberd.
You barely miss the gnoll.
The gnoll is heavily wounded.
The gnoll hits you with a +0 halberd!
You die...

#.###.# #)# ... #.#
#.# #.# . #+ #.# #.#
#.######### #.#
..#.......... #.#
..........? #.##
###.....>... #..##
#...@g...... ##..#
###.#......... ##.#
##...#.........
#.######..###.........
#.##.....## ##########
#....##### ######


You could see a gnoll.

Vanquished Creatures
  A bat (D:1)
  5 goblins (D:1)
  A kobold (D:1)
  2 frilled lizards (D:1)
  13 rats (D:1)
22 creatures vanquished.

Notes
Turn   | Place    | Note
-------+----------+-------------------------------------------
     0 | D:1      | Irikuri the Minotaur Gladiator began the quest for the Orb.
     0 | D:1      | Reached XP level 1. HP: 18/18 MP: 0/0
   156 | D:1      | Reached XP level 2. HP: 22/25 MP: 1/1
   174 | D:1      | Reached skill level 4 in Long Blades
   365 | D:1      | Slain by a gnoll

Levels and vault maps discovered:
D:1:      elethiomel_arrival_diamonds, layout_rooms, minmay_rat_gold_closets

Skill      XL: |  1  2 |
---------------+-------+-----
Long Blades    | 4 |  4.1
Fighting       | |  2.7
Throwing       | |  2.1
Dodging        | |  3.6

Action                   || total
-------------------------++-------
Melee: Long sword        ||    46
       Headbutt          ||    10
  Use: Scroll            ||     3
       Potion            ||     3
Armor: Chain mail        ||    16
       Leather armour    ||     1
Dodge: Dodged            ||    19
       Rpst.: Long sword ||     3

Table legend:
 A = Non-vault XP
 B = Vault XP
 C = Vault XP percentage of total XP
 D = Non-vault monster count
 E = Vault monster count
 F = Vault count percentage of total count
                 A         B        C        D         E       F
            +---------+---------+-------+---------+---------+-------
      Total |      16 |      13 |  44.8 |      10 |      12 |  54.5
            +---------+---------+-------+---------+---------+-------
        D:1 |      16 |      13 |  44.8 |      10 |      12 |  54.5
            +---------+---------+-------+---------+---------+-------
